 Dungeon Sprint DCSS version 0.28.0-49-g6dfe1f597d (webtiles) character file.

Game seed: 10889835768249078012

47 Groucho the Sneak (level 3, -4/16 HPs)
             Began as a Spriggan Enchanter on May 5, 2022.
             Was an Initiate of Ru.
             Slain by a gnoll
             ... wielding a +0 spear
              (6 damage)
             ... in the Dungeon (Sprint VII: "The Pits") on May 16, 2022.
             The game lasted 00:05:12 (1085 turns).

Groucho the Sneak (Spriggan Enchanter)              Turns: 1085, Time: 00:05:13

Health: -4/16      AC:  2    Str:  6    XL:     3   Next: 48%
Magic:  8/10       EV: 19    Int: 16    God:    Ru [......]
Gold:   0          SH:  0    Dex: 15    Spells: 0/11 levels left

rFire   . . .      SeeInvis +   h - +2 dagger
rCold   . . .      Faith    .   (no shield)
rNeg    . . .      Spirit   .   b - +0 robe
rPois   .          Reflect  .   (helmet restricted)
rElec   .          Harm     .   (no cloak)
rCorr   .          Rampage  .   (gloves unavailable)
Will    .....      NoTele   +   (boots unavailable)
Stlth   +++.......              (no amulet)
HPRegen 0.05/turn               (no ring)
MPRegen 0.12/turn               (no ring)

@: very quick
A: very small, no large weapons, unfitting armour, see invisible, speed 3
a: Renounce Religion, Sacrifice Courage, Sacrifice a Hand, Sacrifice Arcana,
Reject Sacrifices


You were in the Dungeon.
You worshipped Ru.
Ru was noncommittal.
You visited 1 branch

Inventory:

Hand Weapons
 a - a +1 dagger
 h - a +2 dagger (weapon)
 l - a +1 dagger of venom
Missiles
 k - 10 stones (quivered)
Armour
 b - a +0 robe (worn)
Scrolls
 i - a scroll of blinking
Potions
 c - 3 potions of invisibility
 d - 6 potions of curing
 e - 6 potions of heal wounds
 f - a potion of haste
 g - 3 potions of magic
 j - a potion of berserk rage


   Skills:
 + Level 3.4 Short Blades
 + Level 4.8 Dodging
 + Level 6.5 Stealth
 + Level 4.5 Spellcasting
 + Level 5.1 Hexes


You couldn't memorise any spells.
You knew the following spells:

 Your Spells              Type           Power      Damage    Failure   Level
a - Confusing Touch       Hex            20%        N/A       6%          3
b - Ensorcelled Hibernat  Hex/Ice        22%        N/A       9%          2
c - Dazzling Flash        Conj/Hex       22%        N/A       17%         3
d - Tukima's Dance        Hex            20%        N/A       6%          3

Your spell library contained the following spells:

 Spells                   Type           Power      Damage    Failure   Level


Dungeon Overview and Level Annotations

Branches:
Dungeon (1/1)

Altars:
Ashenzari
Cheibriados
Dithmenos
Elyvilon
Fedhas
Gozag
Hepliaklqana
Kikubaaqudgha
Makhleb
Nemelex Xobeh
Okawaru
Qazlal
Ru
Sif Muna
Trog
Uskayaw
Vehumet
Wu Jian
Xom
Yredelemnul
Zin
The Shining One
Beogh
Jiyva
Lugonu


Innate Abilities, Weirdness & Mutations

You are very small and have problems with some larger weapons.
You are too small for most types of armour.
You have supernaturally acute eyesight. (SInv)
You cover ground extremely quickly. (Speed+++)


Message History

Press: ? - help, Shift-Dir - straight line, f/p - gnoll
Aim: a gnoll, wielding a +0 spear (chance to affect: 53%)
The gnoll resists with significant effort.
The ufetubus shouts!
The gnoll barely misses you.
Casting: Ensorcelled Hibernation (safe; 9% risk of failure)
Confirm with . or Enter, or press ? or * to list all spells.
Aiming: Ensorcelled Hibernation (safe; 9% risk of failure)
Press: ? - help, Shift-Dir - straight line, f/p - gnoll
Aim: a gnoll, wielding a +0 spear (chance to affect: 53%)
The gnoll resists with significant effort.
The gnoll hits you from afar with a +0 spear.
You see here a +0 flail.
There is an open door to the Storerooms (Easy) here.
Magic courses through your body.
Casting: Ensorcelled Hibernation (safe; 9% risk of failure)
Confirm with . or Enter, or press ? or * to list all spells.
Aiming: Ensorcelled Hibernation (safe; 9% risk of failure)
Press: ? - help, Shift-Dir - straight line, f/p - gnoll
Aim: a gnoll, wielding a +0 spear (chance to affect: 53%)
The gnoll looks drowsy...
The ufetubus hits you. The ufetubus misses you.
The gnoll shouts!
You hit the gnoll.
The gnoll is moderately wounded.
The ufetubus barely misses you. The ufetubus misses you.
The gnoll closely misses you.
The ufetubus hits you but does no damage.
The ufetubus barely misses you.
You hit the gnoll.
The gnoll is moderately wounded.
The ufetubus completely misses you. x2; The gnoll hits you with a +0 spear!
Ouch! That really hurt!
* * * LOW HITPOINT WARNING * * *
You barely miss the gnoll.
The gnoll is moderately wounded.
The ufetubus hits you but does no damage.
The ufetubus misses you.
The gnoll hits you from afar with a +0 spear.
You die...

############
#_________.#
#_________.#
#_______...###########++
##########'##...........
#.?..')))'.##......#..#.
##########.##...........
#...g...).g5@...........
#'#####'#####......#..#.
#.#.)#..#[[##...........
#.#..'..#))#####'#####++
#.#).####))##.......#
#.#..#..#).##.......#
#.#..#..#..##.......#
#.##'#..#'###...<...#
#.#........##...)...#


You could see a gnoll and an ufetubus.

Vanquished Creatures
  3 gnolls (D)
  A river rat (D)
  An orc (D)
  A bat (D)
  A bat zombie (D)
  A goblin (D)
  A ball python skeleton (D)
  A rat (D)
10 creatures vanquished.

Notes
Turn   | Place    | Note
-------+----------+-------------------------------------------
     0 | D        | Groucho the Spriggan Enchanter began the quest for the Orb.
     0 | D        | Reached XP level 1. HP: 9/9 MP: 5/5
   177 | D        | Found a bloodstained altar of Trog.
   177 | D        | Found a shimmering blue altar of Sif Muna.
   177 | D        | Found a viscous altar of Jiyva.
   177 | D        | Found a hazy altar of Hepliaklqana.
   177 | D        | Found an opulent altar of Gozag.
   178 | D        | Found a glowing golden altar of the Shining One.
   178 | D        | Found a glowing silver altar of Zin.
   178 | D        | Found a basalt altar of Yredelemnul.
   178 | D        | Found a shimmering altar of Xom.
   178 | D        | Found an ornate altar of the Wu Jian Council.
   178 | D        | Found a sacrificial altar of Ru.
   178 | D        | Found a stormy altar of Qazlal.
   178 | D        | Found an iron altar of Okawaru.
   178 | D        | Found a sparkling altar of Nemelex Xobeh.
   178 | D        | Found a burning altar of Makhleb.
   178 | D        | Found a blossoming altar of Fedhas.
   178 | D        | Found a white marble altar of Elyvilon.
   178 | D        | Found a shadowy altar of Dithmenos.
   178 | D        | Found a snail-covered altar of Cheibriados.
   181 | D        | Found a corrupted altar of Lugonu.
   181 | D        | Found a radiant altar of Vehumet.
   182 | D        | Found an ancient bone altar of Kikubaaqudgha.
   182 | D        | Found a hide-covered altar of Uskayaw.
   182 | D        | Found a broken altar of Ashenzari.
   214 | D        | Became a worshipper of Ru the Awakened
   234 | D        | Reached skill level 5 in Stealth
   234 | D        | Reached XP level 2. HP: 13/13 MP: 5/7
   327 | D        | Reached skill level 6 in Stealth
   359 | D        | Reached XP level 3. HP: 13/16 MP: 9/9
   363 | D        | Learned a level 3 spell: Confusing Touch
   370 | D        | Reached skill level 5 in Hexes
   781 | D        | Learned a level 2 spell: Ensorcelled Hibernation
   786 | D        | Learned a level 3 spell: Dazzling Flash
   966 | D        | Upgraded the game from 0.28.0-47-ge53b351184 to
                  | 0.28.0-49-g6dfe1f597d
   976 | D        | Learned a level 3 spell: Tukima's Dance
  1085 | D        | Slain by a gnoll

Illustrated notes

Levels and vault maps discovered:
D:        pitsprint [storerooms_1, entrance_room_1, metal_vault_3, armoury_3,
          mini_pit_1, grid_room_1, main_hall_1, silver_pit, the_coven_3,
          the_vestibule_1, steel_vault_2, golden_pit, hallway_of_sentries,
          crystal_vault_5, iron_vault_2, final_vault]

Skill      XL: |  1  2  3 |
---------------+----------+-----
Short Blades   | 2 3 |  3.4
Dodging        | 3 4 |  4.8
Stealth        | 5 6 |  6.5
Spellcasting   | 3 4 |  4.5
Hexes          | 4 5 |  5.1

Action                   || total
-------------------------++-------
Melee: Dagger            ||    35
 Cast: Ensorcelled Hiber ||     8
       Confusing Touch   ||     1
  Use: Potion            ||     3
 Stab: Sleeping          ||     4
       Confused          ||     1
Armor: Robe              ||     6
Dodge: Dodged            ||    61
